 Dungeon Crawl Stone Soup version 0.32-a0-163-g159c032296 (webtiles) character file.

Game seed: 4386564062820372761

70 promet the Sneak (level 4, -1/30 HPs)
             Began as an Octopode Brigand on Feb 11, 2024.
             Slain by a sky beast (5 damage)
             ... on level 3 of the Dungeon on Feb 12, 2024.
             The game lasted 00:12:16 (2290 turns).

promet the Sneak (Octopode Brigand)                 Turns: 2290, Time: 00:12:17

Health: -1/30      AC:  1    Str: 16    XL:     4   Next: 22%
Magic:  4/4        EV: 12    Int: 13    God:
Gold:   60         SH:  0    Dex: 15    Spells: 3/3 levels left

rFire   . . .        u - +0 war axe
rCold   . . .        (no shield)
rNeg    . . .        (helmet restricted)
rPois   .            (no amulet)
rElec   .            d - ring of resist corrosion
rCorr   +            f - +4 ring of slaying
SInv    .            s - +6 ring of strength
Will    .....        (no ring)
Stlth   ++++         (no ring)
HPRegen 0.25/turn    (no ring)
MPRegen 0.09/turn    (no ring)
                     (no ring)

%: no passive effects
@: no status effects
A: almost no armour, amphibious, 8 rings, camouflage 1, gelatinous body 1,
(nimble swimmer 1), tentacles
a: no special abilities


You were on level 3 of the Dungeon.
You visited 1 branch of the dungeon, and saw 4 of its levels.

You collected 60 gold pieces.

Inventory:

Hand Weapons
 a - a +3 dagger
 p - a +0 trident
 u - a +0 war axe (weapon)
Missiles
 b - 5 poisoned darts (quivered)
 c - 2 curare-tipped darts
 e - 5 boomerangs
 i - 16 stones
Magical Staves
 h - a staff of fire
Jewellery
 d - a ring of resist corrosion (left tentacle)
 f - a +4 ring of slaying (right tentacle)
 n - a ring of ice
 s - a +6 ring of strength (on tentacle)
Scrolls
 j - 2 scrolls of teleportation
 k - a scroll of revelation {unknown}
 l - a scroll of fog
 o - a scroll of vulnerability {unknown}
 q - a scroll of fear {unknown}
 r - a scroll of enchant armour
Potions
 g - a potion of enlightenment
 m - a potion of mutation
 t - 2 potions of might


   Skills:
 * Level 2.8 Fighting
 + Level 2.4 Short Blades
 + Level 2.5 Throwing
 + Level 1.0 Dodging
 + Level 6.3 Stealth


You had 3 spell levels left.
You didn't know any spells.
Your spell library contained the following spells:

 Spells                   Type           Power      Damage    Failure   Level
 Gell's Gravitas          Tloc           0%         N/A       67%         3
 Teleport Other           Tloc           0%         N/A       67%         3
 Dispersal                Tloc           0%         N/A       100%        6


Dungeon Overview and Level Annotations

Branches:
Dungeon (4/15)
 Temple: D:4-7

Altars:
Qazlal
The Shining One


Innate Abilities, Weirdness & Mutations

You cannot wear most types of armour.
You are amphibious.
You can wear up to eight rings at the same time.
Your skin changes colour to match your surroundings (Stealth+).
Your rubbery body absorbs attacks. (AC +1, EV +1)
((You are camouflaged when in or above water. (Stealth+)))
You have tentacles for arms and can constrict up to eight enemies at once.


Message History

Aim: a sky beast (lightly wounded, very poisoned, slow, 53% to hit)
You throw a poisoned dart. The poisoned dart hits the sky beast.
The sky beast looks even sicker.
The sky beast is lightly wounded.
Throw: 8 darts (poison)
Press: ? - help, Q - select action, (/) - cycle Shift-Dir - straight line, f/p - sky beast
Aim: a sky beast (lightly wounded, very poisoned, slow, 53% to hit)
You throw a poisoned dart. The poisoned dart hits the sky beast.
The sky beast looks as sick as possible!
The sky beast is lightly wounded.
Throw: 7 darts (poison)
Press: ? - help, Q - select action, (/) - cycle Shift-Dir - straight line, f/p - sky beast
Aim: a sky beast (moderately wounded, extremely poisoned, slow, 53% to hit)
You throw a poisoned dart. The poisoned dart hits the sky beast.
The sky beast looks as sick as possible!
The sky beast is moderately wounded.
Throw: 6 darts (poison)
Press: ? - help, Q - select action, (/) - cycle Shift-Dir - straight line, f/p - sky beast
Aim: a sky beast (heavily wounded, extremely poisoned, slow, 53% to hit)
You throw a poisoned dart.
The poisoned dart barely misses the sky beast.
The sky beast flickers out of sight!
Deactivating autopickup; reactivate with Ctrl-A.
Unknown command.
Okay, then.
u - a +0 war axe (weapon)
You miss something. Something hits you. Something shocks you.
Something hits you. Something shocks you.
You climb upwards.
Reactivating autopickup.
There is a stone staircase leading down here.
Something hits you. Something shocks you.
* * * LOW HITPOINT WARNING * * *
Deactivating autopickup; reactivate with Ctrl-A.
A sky beast appears from thin air!
Reactivating autopickup.
The sky beast hits you.
* * * LOW HITPOINT WARNING * * *
The sky beast shocks you.
You die...

# ##.###### #.#### ###...##
#####..###### #....####....## #
.........?..######........#######
#####.#####!.....................
# ##..# ########.####..########
###..## #...####.....## # ....##
####...†....###..#### ..########
#...........# ##.....
.........####.##@...(...# #####.
.#######...#..##.Y....^## ###..
.# ###.............# #.... .#
#####<##........# #.##. .#
###.....##..#.....######.##.
######...#####.#...#..........###
# #....### #...#...###......# #
#.###### #.#...#.# ##.....#
#......# ##..#..## #######


You could see a sky beast (very poisoned).

Vanquished Creatures
  An adder (D:2)
  3 dart slugs
  A ribbon worm (D:2)
  3 orcs
  4 ball pythons
  An endoplasm (D:2)
  2 giant cockroaches
  5 goblins
  6 hobgoblins
  3 jackals (D:3)
  3 kobolds (D:1)
  3 quokkas
  3 bats
  2 frilled lizards (D:1)
  6 rats
46 creatures vanquished.

Notes
Turn   | Place    | Note
-------+----------+-------------------------------------------
     0 | D:1      | promet the Octopode Brigand began the quest for the Orb.
     0 | D:1      | Reached XP level 1. HP: 14/14 MP: 1/1
   139 | D:1      | Reached XP level 2. HP: 10/20 MP: 2/2
   688 | D:2      | Reached XP level 3. HP: 25/25 MP: 3/3
  1390 | D:2      | Reached skill level 6 in Stealth
  1848 | D:3      | Identified the +0 robe of Vetywn {Stlth+}
  1914 | D:3      | Found a glowing golden altar of the Shining One.
  1960 | D:3      | Reached XP level 4. HP: 24/30 MP: 4/4
  2265 | D:4      | Found a stormy altar of Qazlal.
  2265 | D:4      | Noticed a sky beast
  2266 | D:4      | Noticed a phantom
  2290 | D:3      | Slain by a sky beast

Illustrated notes

Levels and vault maps discovered:
D:1:      nagdon_arrival_double_spiral, layout_rooms
D:2:      layout_loops_ring
D:3:      layout_rooms, tso_oasis_becter, chequers_serial_rivers_marsh, hex_tiny
D:4:      minmay_chambers_of_threes, layout_rooms, lemuel_doored_altar,
          nicolae_qazlal_beasts_of_the_sky, minmay_bent

Skill      XL: |  1  2  3 |
---------------+----------+-----
Stealth        | 6 |  6.3
Fighting       | |  2.8
Short Blades   | |  2.4
Throwing       | |  2.5
Dodging        | |  1.0

Action                     |  1- 3 |  4- 6 || total
---------------------------+-------+-------++-------
  Melee: Dagger            |    52 |     8 ||    60
         Constrict         |    15 |     2 ||    17
         Tentacles         |     9 |     1 ||    10
         War axe           |       |     1 ||     1
  Throw: Boomerang         |    11 |     3 ||    14
         Dart              |       |     5 ||     5
    Use: Scroll            |     8 |     1 ||     9
   Stab: Sleeping          |     7 |     5 ||    12
 Armour: Skin              |    18 |     4 ||    22
  Dodge: Dodged            |    12 |       ||    12

Table legend: (Time is in decaauts)
 A = Elapsed time spent in this place.
 B = Non-inter-level travel time spent in this place.
 C = Inter-level travel time spent in this place.
 D = Time resting spent in this place.
 E = Time spent auto-exploring this place.
 F = Levels seen in this place.
 G = Mean time per level.
                   A        B        C        D        E       F      G
               +--------+--------+--------+--------+--------+-----+--------+
         Total |   2283 |   2204 |     79 |    387 |    915 |   4 |  570.8 |
       Dungeon |   2283 |   2204 |     79 |    387 |    915 |   4 |  570.8 |
               +--------+--------+--------+--------+--------+-----+--------+

Top non-repeatable levels by time:
     D:2: 1010 daAuts
     D:1: 682 daAuts
     D:3: 537 daAuts
     D:4: 53 daAuts
